 Dungeon Crawl Stone Soup version 0.30-a0-652-gcc886f7154 (webtiles) character file.

Game seed: 5646216969927710793

142 ragingrage the Gusty (level 5, -2/31 HPs)
             Began as an Octopode Air Elementalist on Jan 17, 2023.
             Slain by Ijyb
             ... wielding a +1 vampiric dagger
              (6 damage)
             ... on level 3 of the Dungeon.
             The game lasted 00:02:03 (2502 turns).

ragingrage the Gusty (Octopode Air Elementalist)    Turns: 2502, Time: 00:02:03

Health: -2/31      AC:  1    Str:  7    XL:     5   Next: 25%
Magic:  4/8        EV: 13    Int: 19    God:
Gold:   96         SH:  0    Dex: 13    Spells: 2/8 levels left

rFire   . . .      SeeInvis .      - Unarmed
rCold   . . .      Faith    .    (no shield)
rNeg    . . .      Spirit   .    (helmet restricted)
rPois   .          Reflect  .    (no amulet)
rElec   .          Harm     .    (no ring)
rCorr   .          Rampage  .    (no ring)
Will    .....                    (no ring)
Stlth   +++                      (no ring)
HPRegen 0.25/turn                (no ring)
MPRegen 0.11/turn                (no ring)
                                 (no ring)
                                 (no ring)

@: about to teleport, flying, slowed, very slow
A: almost no armour, amphibious, 8 rings, camouflage 1, gelatinous body 1,
(nimble swimmer 1), tentacles
a: no special abilities


You were on level 3 of the Dungeon.
You visited 1 branch of the dungeon, and saw 3 of its levels.

You collected 96 gold pieces.

Inventory:

Missiles
 b - 10 poisoned darts
Scrolls
 c - 2 scrolls of identify {unknown}
 d - a scroll of fog {unknown}
 e - a scroll of brand weapon {unknown}
 f - a scroll of blinking {unknown}
 h - a scroll of teleportation
 j - a scroll of immolation {unknown}
 k - a scroll of enchant weapon {unknown}
Potions
 a - 2 potions of magic
 g - 2 potions of flight


   Skills:
 - Level 2.0 Dodging
 + Level 3.2 Stealth
 - Level 1.9 Unarmed Combat
 - Level 2.0 Spellcasting
 - Level 3.0 Conjurations
 + Level 4.2 Air Magic


You had 2 spell levels left.
You knew the following spells:

 Your Spells              Type           Power      Damage    Failure   Level
a - Shock                 Conj/Air       60%        1d6       3%          1
b - Static Discharge      Conj/Air       30%        2-4/arc   6%          2
c - Swiftness             Air            17%        N/A       9%          3

Your spell library contained the following spells:

 Spells                   Type           Power      Damage    Failure   Level
 Airstrike                Air            8%         2d(2-18)  30%         4


Dungeon Overview and Level Annotations

Branches:
Dungeon (3/15)

Altars:

Shops:
D:1 (

Annotations:
D:3 Ijyb


Innate Abilities, Weirdness & Mutations

You cannot wear most types of armour.
You are amphibious.
You can wear up to eight rings at the same time.
Your skin changes colour to match your surroundings (Stealth+).
Your rubbery body absorbs attacks. (AC +1, EV +1)
((You are camouflaged when in or above water. (Stealth+)))
You have tentacles for arms and can constrict up to eight enemies at once.


Message History

Ijyb hits you with a +1 vampiric dagger.
Ijyb draws strength from your wounds!
Training target 3.0 for Conjurations reached!
Your Stealth skill increases to level 3!
Your Conjurations skill increases to level 3!
Aiming: Shock (safe; 3% risk of failure)
Press: ? - help, Q - select action, (/) - cycle Shift-Dir - straight line, p - Ijyb The zap misses Ijyb.
The zap misses the ball python.
The zap hits the ball python.
You kill the ball python!
The zap hits Ijyb.
Ijyb is lightly wounded.
Ijyb closely misses you.
Ijyb hits you with a +1 vampiric dagger!
Ijyb draws strength from your wounds!
Ijyb hits you with a +1 vampiric dagger!
* * * LOW HITPOINT WARNING * * *
Aiming: Shock (safe; 3% risk of failure)
Press: ? - help, Q - select action, (/) - cycle Shift-Dir - straight line The zap hits Ijyb.
Ijyb is lightly wounded.
The zap hits Ijyb.
Ijyb is lightly wounded.
Ijyb closely misses you.
Ijyb hits you with a +1 vampiric dagger.
* * * LOW HITPOINT WARNING * * *
Aiming: Shock (safe; 3% risk of failure)
Press: ? - help, Q - select action, (/) - cycle Shift-Dir - straight line The zap hits Ijyb.
Ijyb is lightly wounded.
The zap misses Ijyb.
Ijyb barely misses you.
An orc comes into view.
It is wielding a +0 falchion and wearing a +1 ring mail of cold resistance.
Ijyb hits you with a +1 vampiric dagger.
* * * LOW HITPOINT WARNING * * *
As you read the scroll labelled ZIUNO OXOW LET, it crumbles to dust.
You feel strangely unstable.
It was a scroll of teleportation.
Ijyb misses you. Ijyb completely misses you.
Ijyb hits you with a +1 vampiric dagger.
You die...

.. @. .# # .#
#.#####.#
#.......#
####.o### ##g#
###@# #.
##...##... #<#
##.......# #
#..##
##..##.#### #
#..# #...##.#
###
#.#####.####..
..###.......#
##.#
.....##.....#
.#
#..........##
..


You could see Ijyb (berserk) and an orc.

Vanquished Creatures
  Jessica (D:3)
  Terence (D:2)
  3 gnolls (D:3)
  2 adders (D:2)
  A worm (D:3)
  4 ball pythons
  5 bats
  5 endoplasms (D:2)
  2 giant cockroaches
  2 goblins (D:1)
  2 hobgoblins
  2 kobolds
  6 quokkas
  2 frilled lizards (D:1)
  A rat (D:1)
39 creatures vanquished.

Vanquished Creatures (others)
  A plant (D:1)
1 creature vanquished.

Grand Total: 40 creatures vanquished

Notes
Turn   | Place    | Note
-------+----------+-------------------------------------------
     0 | D:1      | ragingrage the Octopode Air Elementalist began the quest
                  | for the Orb.
     0 | D:1      | Reached XP level 1. HP: 11/11 MP: 3/3
   313 | D:1      | Reached XP level 2. HP: 11/17 MP: 3/5
   501 | D:1      | Found Zuyrizaw's Antique Weapon Emporium.
   966 | D:2      | Reached skill level 1 in Unarmed Combat
  1100 | D:2      | Reached XP level 3. HP: 9/21 MP: 0/6
  1293 | D:2      | Noticed Terence
  1304 | D:2      | Killed Terence
  1305 | D:2      | Reached XP level 4. HP: 27/27 MP: 3/7
  1489 | D:2      | Learned a level 2 spell: Static Discharge
  1493 | D:2      | Learned a level 3 spell: Swiftness
  1948 | D:3      | Noticed Ijyb
  2047 | D:3      | Reached skill level 4 in Air Magic
  2385 | D:3      | Reached XP level 5. HP: 31/31 MP: 5/8
  2482 | D:3      | Noticed Jessica
  2498 | D:3      | Killed Jessica
  2502 | D:3      | Slain by Ijyb

Illustrated notes

Levels and vault maps discovered:
D:1:      wander_arrival_fairy_ring, layout_basic, serial_shops, shop
D:2:      layout_loops_ring, kennysheep_generic_room_3, uniq_terence
D:3:      layout_rooms, serial_shops, nicolae_shop_behind_doors,
          uniq_crazy_yiuf_cottage, uniq_ijyb, uniq_jessica

Skill      XL: |  1  2  3  4  5 |
---------------+----------------+-----
Unarmed Combat | 1 |  1.9
Conjurations   | 2 3 |  3.0
Air Magic      | 4 |  4.2
Stealth        | 3 |  3.2
Dodging        | |  2.0
Spellcasting   | |  2.0

Action                   |  1- 3 |  4- 6 || total
-------------------------+-------+-------++-------
Melee: Unarmed           |    23 |     3 ||    26
       Constrict         |     7 |       ||     7
       Tentacles         |     6 |       ||     6
 Cast: Shock             |    38 |    43 ||    81
  Use: Potion            |       |     2 ||     2
       Scroll            |       |     1 ||     1
Armor: Skin              |     4 |       ||     4
Dodge: Dodged            |    13 |    14 ||    27

Table legend: (Time is in decaauts)
 A = Elapsed time spent in this place.
 B = Non-inter-level travel time spent in this place.
 C = Inter-level travel time spent in this place.
 D = Time resting spent in this place.
 E = Time spent auto-exploring this place.
 F = Levels seen in this place.
 G = Mean time per level.
                   A        B        C        D        E       F      G
               +--------+--------+--------+--------+--------+-----+--------+
         Total |   2505 |   2406 |     99 |    403 |   1761 |   3 |  835.0 |
       Dungeon |   2505 |   2406 |     99 |    403 |   1761 |   3 |  835.0 |
               +--------+--------+--------+--------+--------+-----+--------+

Top non-repeatable levels by time:
     D:2: 1175 daAuts
     D:1: 880 daAuts
     D:3: 449 daAuts
